[Event "*** Titled Tuesday 3|2 Blitz"]
[Site "Chess.com"]
[Date "2016.05.03"]
[Round "1"]
[White "HansCoolNiemann"]
[Black "Gevorg_Harutjunyan"]
[Result "0-1"]
[WhiteElo "2265"]
[BlackElo "2628"]
[TimeControl "180+2"]
[EndTime "17:08:08 PDT"]
[Termination "Gevorg_Harutjunyan won on time"]

1. d4 Nf6 2. c4 g6 3. f3 Bg7 4. e4 d6 5. Be3 O-O 6. Ne2 Nc6 7. d5 Ne5 8. Nec3 e6 9. Nd2 c6 10. Be2 Re8 11. dxe6 Bxe6 12. O-O d5 13. Bd4 Nxc4 14. e5 Nd7 15. Nxc4 dxc4 16. f4 f6 17. exf6 Nxf6 18. Be5 Qb6+ 19. Bd4 Qa5 20. Qc2 Rad8 21. Rad1 b5 22. a3 Rxd4 23. Rxd4 Qb6 24. Rd1 Nd5 25. Qd2 Nxc3 26. bxc3 Bd5 27. Bg4 Bxd4+ 28. cxd4 a5 29.
f5 Qc7 30. Rf1 Qe7 31. fxg6 Qe3+ 32. Qxe3 Rxe3 33. gxh7+ Kxh7 34. h4 c3 35. h5 b4 36. Rf6 Be4 37. Rf7+ Kh6 38. Kf2 Rd3 0-1

[Event "*** Titled Tuesday 3|2 Blitz"]
[Site "Chess.com"]
[Date "2016.05.03"]
[Round "1"]
[White "Ksenia_Legenko"]
[Black "GM_Huschenbeth"]
[Result "1/2-1/2"]
[WhiteElo "2068"]
[BlackElo "2428"]
[TimeControl "180+2"]
[EndTime "17:08:13 PDT"]
[Termination "Game drawn by repetition"]

1. d4 e6 2. c4 Nf6 3. Nf3 b6 4. g3 Bb7 5. Bg2 Bb4+ 6. Bd2 c5 7. O-O O-O 8. Bxb4 cxb4 9. Nbd2 d6 10. Qb3 a5 11. a3 Nc6 12. Rfd1 a4 13. Qd3 d5 14.
e4 dxe4 15. Nxe4 Nxe4 16. Qxe4 Na5 17. Qe2 Nb3 18. Rab1 bxa3 19. bxa3 Qd6 20. Qc2 g6 21. Qb2 Rfd8 22. d5 exd5 23. cxd5 Bxd5 24. Ng5 Qc5 25. Bxd5 Rxd5 26. Ne4 Rxd1+ 27. Rxd1 Qf5 28.
Nf6+ Kf8 29. Nxh7+ Kg8 30. Nf6+ Kf8 31. Rd5 Qe6 32.
Nh7+ Kg8 33. Nf6+ Kf8 34. Nh7+ Kg8 35. Nf6+ Kf8 36. Nh7+ Kg8 1/2-1/2

[Event "*** Titled Tuesday 3|2 Blitz"]
[Site "Chess.com"]
[Date "2016.05.03"]
[Round "1"]
[White "ChrisTool2"]
[Black "dretch"]
[Result "0-1"]
[WhiteElo "2222"]
[BlackElo "2586"]
[TimeControl "180+2"]
[EndTime "17:08:17 PDT"]
[Termination "dretch won by resignation"]

1. d4 d5 2. c4 c6 3. Nc3 dxc4 4.
e4 b5 5. a4 b4 6. Nce2 Ba6 7. Ng3 e6 8. Nf3 c5 9. Be3 cxd4 10. Nxd4 Nf6 11. Be2 Bd6 12. f4 Bc5 13. Rc1 O-O 14. Bxc4 Qb6 15. a5 Qb7 16. e5 Nd5 17.
Bxd5 Qxd5 18. Kf2 Rd8 19. Nf3 Bxe3+ 20. Kxe3 Qxa5 21. Qc2 Nd7 22. Ng5 Qb6+ 23. Kf3 Bd3 24. Qc7 h6 25. N5e4 Bxe4+ 26. Nxe4 a5 27. Rhd1 Qxc7 28. Rxc7 Nxe5+ 29. Ke2 Rxd1 30. Kxd1 Nd3 31. Kc2 Nxf4 32. Nd6 a4 33. Rxf7 a3 34. bxa3 bxa3 35. Kb1 a2+ 36. Ka1 Ne2 37. Rf2 Nc1 38. Rb2 Ra3 39. Nb5 Nb3+ 0-1

[Event "*** Titled Tuesday 3|2 Blitz"]
[Site "Chess.com"]
[Date "2016.05.03"]
[Round "1"]
[White "chess960now"]
[Black "jk13"]
[Result "0-1"]
[WhiteElo "2001"]
[BlackElo "2413"]
[TimeControl "180+2"]
[EndTime "17:08:19 PDT"]
[Termination "jk13 won on time"]

1. e4 e5 2. Nf3 Nc6 3. Bb5 Nf6 4. O-O Nxe4 5. d4 Nd6 6. Bxc6 dxc6 7. dxe5 Nf5 8.
Qxd8+ Kxd8 9. h3 Bd7 10. Nc3 h6 11. Bf4 g5 12. Bh2 Kc8 13. Rad1 Be6 14. b3 a5 15. g4 Ne7 16. Nd4 Ng6 17. Nxe6 fxe6 18. f4 gxf4 19. Bxf4 Bg7 20. Rde1 Rf8 21. Bg3 Kd7 22. Ne4 Ke7 23.
Nf6 a4 24. Bf2 b6 25. Bg3 axb3 26. axb3 Ra5 27. Rd1 Rd8 28. Rxd8 Kxd8 29. Rd1+ Kc8 30. Re1 Rc5 31. Re2 Rc3 32. Bh2 Rxh3 33. Ne8 Bh8 34. Rd2 Bxe5 35. Bxe5 Nxe5 36. Kg2 Rc3 37. Re2 Nxg4 38.
Rxe6 Kd7 39. Re2 Rxc2 40. Nf6+ Kd6 41. Rxc2 Ne3+ 42. Kf3 Nxc2 0-1

[Event "*** Titled Tuesday 3|2 Blitz"]
[Site "Chess.com"]
[Date "2016.05.03"]
[Round "1"]
[White "LyonBeast"]
[Black "IMcoach"]
[Result "1-0"]
[WhiteElo "2786"]
[BlackElo "2354"]
[TimeControl "180+2"]
[EndTime "17:08:32 PDT"]
[Termination "LyonBeast won on time"]

1. e4 d6 2. d4 Nf6 3. Nc3 g6 4.
Be3 c6 5. Qd2 Nbd7 6. O-O-O b5 7. f3 Qa5 8. Kb1 Rb8 9. g4 Nb6 10. Nd5 Qxd2 11. Nxf6+ exf6 12. Bxd2 h5 13. gxh5 Rxh5 14.
Ne2 Nc4 15. Bc1 Rh8 16. b3 Nb6 17. Bf4 Ra8 18. h4 Ke7 19. Bg3 f5 20. Nf4 fxe4 21.
fxe4 Bg7 22. Bg2 Bg4 23. Rd3 a5 24. Re1 a4 25. e5 d5 26. Rc3 Kd7 27. Nd3 axb3 28.
cxb3 Bf5 29. Kb2 Bxd3 30. Rxd3 Bh6 31. Bh3+ Kc7 32. e6+ Kb7 33. exf7 Bf8 34. Rde3 Ba3+ 35. Kb1 Bb4 36. Rf1 Raf8 37. Bg4 Rh7 38. Ref3 Nc8 39. Kb2 Bd6 40. Bxc8+ Kxc8 41. Bxd6 Rfxf7 42. Rxf7 1-0

[Event "*** Titled Tuesday 3|2 Blitz"]
[Site "Chess.com"]
[Date "2016.05.03"]
[Round "1"]
[White "brauliocuarta"]
[Black "Mornar1951"]
[Result "0-1"]
[WhiteElo "2130"]
[BlackElo "2505"]
[TimeControl "180+2"]
[EndTime "17:08:32 PDT"]
[Termination "Mornar1951 won by checkmate"]

1. d4 Nf6 2. c4 e6 3. Nc3 Bb4 4. e3 O-O 5. Ne2 d5 6. a3 Be7 7. Nf4 c6 8. Be2 Nbd7 9. cxd5 exd5 10. O-O Re8 11. b4 b5 12. Qc2 a5 13. Rb1 Nb6 14.
Bd2 axb4 15. axb4 g6 16. Na2 Bf5 17. Bd3 Bxd3 18. Nxd3 Nc4 19. Ra1 Ne4 20. Bc3 Ra3 21. Nc5 Qa8 22. Nxe4 dxe4 23. Rfd1 Bf8 24. d5 cxd5 25.
Bd4 Qa4 26. Qxa4 Rxa4 27. Nc3 Rxa1 28. Rxa1 Rd8 29. Nxb5 Bxb4 30. Ra7 h5 31. g3 Nd2 32. Kg2 Nf3 33. Bf6 Rc8 34. Nc7 Bc5 35. Nxd5 Rb8 36. Rd7 g5 37. h3 Rb1 38. Rd8+ Bf8 39. Ne7+ Kh7 40. g4 Rg1# 0-1

[Event "*** Titled Tuesday 3|2 Blitz"]
[Site "Chess.com"]
[Date "2016.05.03"]
[Round "1"]
[White "Silent_Terror"]
[Black "asms9699"]
[Result "0-1"]
[WhiteElo "2587"]
[BlackElo "2328"]
[TimeControl "180+2"]
[EndTime "17:08:42 PDT"]
[Termination "asms9699 won by resignation"]

1. e4 e6 2. f4 c5 3. g3 Nc6 4.
Bg2 g6 5. c3 Bg7 6. Nf3 Nge7 7.
O-O d5 8. d3 O-O 9. Na3 b6 10.
Nc2 Ba6 11. Re1 dxe4 12. dxe4 Qc7 13. Be3 Rad8 14. Qc1 Na5 15. Nd2 Nc4 16. Nxc4 Bxc4 17. Na3 Bd3 18. Bf2 Rd7 19. Nc2 Rfd8 20. Ne3 Nc8 21.
e5 Ne7 22. b3 Nf5 23. Qb2 h5 24. Rad1 Nxe3 25. Bxe3 Bf5 26. Bf3 f6 27. Rxd7 Rxd7 28. exf6 Bxf6 29. Qc1 Qd8 30. Bf2 Rd3 31. Re3 Bxc3 32.
Rxd3 Qxd3 33. Bg2 Qb1 34. Be3 Bb2 35. Qxb1 Bxb1 36. a4 Bc2 37. a5 Bxb3 38. axb6 axb6 39. Be4 Kf7 40. h3 Bd5 41. Bd3 c4 42. Bc2 b5 43.
Bc5 Bc3 44. g4 hxg4 45. hxg4 b4 46. f5 gxf5 47. gxf5 e5 48. Kf1 b3 49. Bb1 Bd4 50.
Bb4 c3 51. Ke2 c2 52. Bxc2 bxc2 53. Kd2 Be4 54. Ba3 Bxf5 0-1

[Event "*** Titled Tuesday 3|2 Blitz"]
[Site "Chess.com"]
[Date "2016.05.03"]
[Round "1"]
[White "platy3"]
[Black "chessking2151"]
[Result "1-0"]
[WhiteElo "2659"]
[BlackElo "2297"]
[TimeControl "180+2"]
[EndTime "17:08:45 PDT"]
[Termination "platy3 won by resignation"]

1. e4 e5 2. Nf3 Nc6 3. Bb5 f5 4. Nc3 fxe4 5. Nxe4 Nf6 6. Nxf6+ Qxf6 7. Qe2 Be7 8. Bxc6 bxc6 9. Qxe5 d6 10. Qxf6 Bxf6 11. O-O O-O 12. d3 Rb8 13. c3 Bf5 14. d4 Rfe8 15. Re1 h6 16. b3 g5 17. Be3 g4 18. Nd2 h5 19. Nc4 Kf7 20. Na5 Bd7 21. Rac1 Rb5 22. Nc4 Be6 23. Nd2 Ra5 24. a4 Rb8 25. c4 Bf5 26. Red1 c5 27. dxc5 dxc5 28. Nf1 Bb2 29. Rd5 Bxc1 30. Rxf5+ Ke6 31. Rxh5 Bxe3 32.
Nxe3 Rxb3 33. g3 Rxa4 34. Rxc5 Kd6 35. Rd5+ Kc6 36. Rg5 Ra1+ 37. Kg2 a5 38. Nc2 Rd1 39. Rxa5 Rd2 40. Na3 Rbb2 41. Rf5 Ra2 42. Nb5 Rac2 43. Rf7 Kb6 44. Nxc7 Rxc4 45. Ne6 Rcc2 46. Ng5 Kc6 47. h4 gxh3+ 48. Nxh3 Kd6 49. Ng5 Ra2 50. Ne4+ 1-0

[Event "*** Titled Tuesday 3|2 Blitz"]
[Site "Chess.com"]
[Date "2016.05.03"]
[Round "1"]
[White "GianmarcoVaR"]
[Black "Hikaru"]
[Result "0-1"]
[WhiteElo "2356"]
[BlackElo "2836"]
[TimeControl "180+2"]
[EndTime "17:08:48 PDT"]
[Termination "Hikaru won by resignation"]

1. d4 e6 2. Nf3 b6 3. e4 Bb7 4.
Bd3 Nf6 5. Qe2 d5 6. Nbd2 c5 7.
c3 Be7 8. e5 Nfd7 9. O-O Qc8 10. a3 Ba6 11. b4 Bxd3 12. Qxd3 Qa6 13. Qxa6 Nxa6 14. Bb2 c4 15. Ne1 f5 16. f4 g5 17.
Ndf3 g4 18. Nd2 h5 19. Nc2 h4 20. Ne3 Nc7 21. a4 Kf7 22. Nc2 Rhb8 23. Rfb1 Nf8 24. Rf1 Ng6 25. Bc1 Ne8 26. Nb1 Bf8 27. Be3 Bh6 28.
Nba3 Ng7 29. Nb5 Nh5 30. Nc7 Nhxf4 31. Kf2 Nd3+ 32. Ke2 f4 33. a5 b5 34. a6 Ke7 35.
Ra5 fxe3 36. Nxa8 Ngf4+ 37. Kxe3 Nxg2+ 38. Ke2 Ngf4+ 39. Ke3 g3 40. hxg3 hxg3 41. Kf3 g2 42.
Rg1 Rf8 43. Rxb5 Ne2+ 44. Kxg2 Rg8+ 45. Kf1 Rf8+ 46. Kg2 Rf2+ 47. Kh1 Nxg1 48. Kxg1 Rxc2 49. Rb7+ Kf8 50. Nc7 Be3+ 51. Kh1 Nf4 52. b5 Nh5 53. Nxe6+ Kg8 54. Rb8+ Kh7 55. Ng5+ Bxg5 56. Rf8 Ng3+ 57.
Kg1 Be3+ 0-1

[Event "*** Titled Tuesday 3|2 Blitz"]
[Site "Chess.com"]
[Date "2016.05.03"]
[Round "1"]
[White "ArnaudovP"]
[Black "chorejason"]
[Result "0-1"]
[WhiteElo "2408"]
[BlackElo "2041"]
[TimeControl "180+2"]
[EndTime "17:08:49 PDT"]
[Termination "chorejason won by checkmate"]

1. e4 c5 2. c3 Nf6 3. e5 Nd5 4. d4 d6 5. Nf3 Nc6 6. exd6 e6 7. dxc5 b6 8. c4 Nf6 9. cxb6 Bxd6 10. bxa7 O-O 11.
Be2 Bb7 12. Nc3 Nxa7 13. O-O Qc7 14. h3 Rfd8 15. Qc2 Rac8 16. Be3 Ba8 17. Bxa7 Qxa7 18.
Nb5 Qb7 19. Nxd6 Rxd6 20. Rfd1 Rdc6 21. Ne5 Rxc4 22. Bf3 Qxf3 23. Nxf3 Rxc2 24. b4 Bxf3 25. gxf3 Nd5 26. b5 Rb2 27. a4 Rcc2 28. Rf1 Ra2 29. Kg2 Rxf2+ 30. Rxf2 Rxa1 31. Rb2 Rxa4 32. b6 Ra8 33. b7 Rb8 34. Ra2 Nb6 35. Rc2 Rxb7 36. Kf2 Kf8 37. Rb2 Ke7 38. f4 h6 39. h4 Kd6 40. h5 Kc5 41. Kg3 Rd7 42. Kg4 Nc4 43. Ra2 f5+ 44. Kh4 Kd4 45. Re2 Re7 46. Re1 Ne3 47.
Ra1 Ke4 48. Ra4+ Kf3 49. Rb4 Rd7 50. Rb2 Rd1 51. Rh2 Rg1 52. Rh3+ Kxf4 53. Rh2 Ke4 54. Ra2 f4 55. Kh3 Kf3 56. Rh2 Ng4 57. Rg2 Rh1+ 58. Rh2 Rxh2# 0-1

[Event "*** Titled Tuesday 3|2 Blitz"]
[Site "Chess.com"]
[Date "2016.05.03"]
[Round "1"]
[White "renanreis"]
[Black "LaStreetCmaMaison"]
[Result "0-1"]
[WhiteElo "2010"]
[BlackElo "2420"]
[TimeControl "180+2"]
[EndTime "17:08:52 PDT"]
[Termination "LaStreetCmaMaison won by resignation"]

1. e4 e6 2. Nf3 d5 3. exd5 exd5 4. d4 Nf6 5. Bd3 Bd6 6. O-O O-O 7. c3 Bg4 8. Bg5 Nbd7 9. Nbd2 h6 10. Bh4 Bh5 11.
Qc2 Re8 12. Rae1 c5 13. h3 c4 14. Bf5 Rxe1 15. Rxe1 Nf8 16. Ne5 g5 17. Bg3 Kg7 18.
h4 Ng6 19. hxg5 hxg5 20. Ndf3 Bxf3 21. Bxg6 Be4 22. Bxe4 Nxe4 23. Rxe4 dxe4 24. Qxe4 Rc8 25. Qf5 Rc7 26. f4 gxf4 27. Qg4+ Kf8 28. Bxf4 Qf6 29.
Bg5 Qe6 30. Qf4 Bxe5 31. dxe5 Rc5 32. Bf6 Ke8 33. Qd4 Qd5 34. Qh4 Kd7 35. Qg4+ Kc7 36. Qg8 Rc6 37. Qe8 Qd7 38. Qg8 b5 39. Qg3 Kb7 40.
Qf3 a5 41. Qe4 Qd1+ 42. Kh2 Qh5+ 43. Kg3 Qg6+ 44. Kh3 Qxe4 0-1

[Event "*** Titled Tuesday 3|2 Blitz"]
[Site "Chess.com"]
[Date "2016.05.03"]
[Round "1"]
[White "zane33"]
[Black "ZEN-22"]
[Result "0-1"]
[WhiteElo "1967"]
[BlackElo "2401"]
[TimeControl "180+2"]
[EndTime "17:08:52 PDT"]
[Termination "ZEN-22 won by resignation"]

1. e4 e6 2. d4 c5 3. Nf3 cxd4 4. c3 dxc3 5. Nxc3 a6 6. Bc4 b5 7. Bb3 Bb7 8. O-O Ne7 9. Bg5 h6 10. Be3 b4 11. Nd5 exd5 12. exd5 d6 13. Re1 Nd7 14. Ba4 Qa5 15. Bf4 Qxd5 16. Bxd6 Qxd1 17. Raxd1 O-O-O 18. Bxe7 Bxe7 19. Rxe7 Nb6 20. Rc1+ Kb8 21. Bb3 Rd7 22. Rxf7 Rxf7 23. Bxf7 Rf8 24. Bh5 g6 25. Bxg6 Bxf3 26. gxf3 Rg8 27. Rc6 Nd5 28. Kf1 Ne7 29. Bf7 Rf8 30.
Rf6 Nd5 31. Rf5 Ne7 32. Rf4 a5 33. Ke2 h5 34. Ke3 Kc7 35. Bb3 Nf5+ 36. Kd2 Rd8+ 37.
Kc1 Nd4 38. Rf7+ Kb6 39. Bd1 h4 40. Rh7 Rc8+ 41. Kb1 Nf5 42. Rh5 Nd6 43. Rxh4 Re8 44. Kc2 Re1 45. Rh6 Kc5 46. Kd2 Re5 47. b3 Nb5 48. f4 Rd5+ 49. Kc1 Rd4 50. Rh5+ Kb6 51. f5 Nc3 52. Rh6+ Kc5 53. Bf3 Rf4 54. Rc6+ Kb5 55. Rxc3 bxc3 56. Bd5 Rxf5 57. Bc4+ Kb4 58.
h4 Rxf2 59. h5 c2 60. Bd3 Kc3 61. Bxc2 Rxc2+ 62. Kb1 Rh2 63. a3 Kxb3 64. Kc1 Kxa3 0-1

[Event "*** Titled Tuesday 3|2 Blitz"]
[Site "Chess.com"]
[Date "2016.05.03"]
[Round "1"]
[White "PowerThinking2650"]
[Black "AlexanderL"]
[Result "0-1"]
[WhiteElo "2170"]
[BlackElo "2544"]
[TimeControl "180+2"]
[EndTime "17:09:01 PDT"]
[Termination "AlexanderL won by resignation"]

1. e4 e6 2. d4 d5 3. Nd2 c5 4. Ngf3 Nf6 5. exd5 Nxd5 6. Bb5+ Bd7 7.
Bxd7+ Qxd7 8. O-O Nc6 9. Ne4 cxd4 10. Nxd4 Be7 11. c4 Nf6 12. Nxf6+ Bxf6 13. Nxc6 Qxc6 14.
Qe2 Rc8 15. Be3 Qxc4 16. Qxc4 Rxc4 17. Bxa7 Bxb2 18. Rab1 Rc2 19. Bc5 Kd7 20. Rfd1+ Kc6 21. Be3 Ra8 22. g3 Rxa2 23. Rd8 Rc4 24. Rd2 Rb4 25. Rc2+ Kd5 26. Bd2 Rb3 27. Be3 Ra1 28. Rxa1 Bxa1 29. Rc7 f5 30. Kg2 Bf6 31. Rd7+ Kc6 32.
Rf7 b5 33. h4 b4 34. Bg5 Bd4 35. Re7 Rb2 36. Rxe6+ Kd5 37. Re7 Rxf2+ 38. Kh3 b3 39. Rb7 b2 40. Bf4 Rxf4 41. gxf4 h5 42. Kg3 Ke4 43. Rb5 Kd3 44. Kf3 Kc2 45. Rb7 b1=Q 0-1

[Event "*** Titled Tuesday 3|2 Blitz"]
[Site "Chess.com"]
[Date "2016.05.03"]
[Round "1"]
[White "Assasin14"]
[Black "Mischuk_D"]
[Result "0-1"]
[WhiteElo "2033"]
[BlackElo "2439"]
[TimeControl "180+2"]
[EndTime "17:09:03 PDT"]
[Termination "Mischuk_D won by resignation"]

1. e4 e5 2. Nf3 Nc6 3. Bb5 Bc5 4. O-O Nd4 5. Nxd4 Bxd4 6. c3 Bb6 7. d4 c6 8. Ba4 d6 9. dxe5 dxe5 10. Qxd8+ Bxd8 11. Be3 Nf6 12. f3 Bb6 13. Kf2 Be6 14. Bb3 Ke7 15. Na3 Nd7 16. Nc4 Bxc4 17. Bxc4 Bxe3+ 18. Kxe3 Nb6 19. Bb3 a5 20. a3 a4 21. Ba2 Ra5 22.
Kd2 g6 23. Kc2 h5 24. Rad1 h4 25. Rd2 Raa8 26. Rfd1 Rac8 27. Rd6 Rc7 28. R1d2 Rd7 29.
Rxd7+ Nxd7 30. Bxf7 g5 31. Bc4 Nc5 32. Be2 Ne6 33.
Bd1 Nf4 34. Kc1 Ra8 35. g3 Ng6 36. Rg2 Kf6 37. Kd2 Rd8+ 38. Ke2 b5 39. Bc2 hxg3 40. hxg3 Rh8 41. Ke3 Rh1 42. Rd2 Ke6 43. c4 bxc4 44.
Bxa4 Ne7 45. Bd1 Nc8 46. a4 Nd6 47. a5 Rh8 48. b4 Nb5 49. Be2 Nd6 50. Rc2 Rb8 51.
Bxc4+ Kd7 52. Bd3 Rxb4 53. Ra2 Rb7 54. a6 Ra7 55. Ra5 Ke6 56. Bc2 Nc4+ 57. Kd3 Nxa5 58.
Kc3 Rxa6 59. Kb4 Ra7 60. Bd3 Kd6 61. f4 gxf4 0-1

[Event "*** Titled Tuesday 3|2 Blitz"]
[Site "Chess.com"]
[Date "2016.05.03"]
[Round "1"]
[White "AungTZ"]
[Black "attack2mateU"]
[Result "1-0"]
[WhiteElo "2074"]
[BlackElo "2428"]
[TimeControl "180+2"]
[EndTime "17:09:10 PDT"]
[Termination "AungTZ won by resignation"]

1. e4 c5 2. Nf3 d6 3. d4 cxd4 4.
Nxd4 Nf6 5. Nc3 a6 6. g3 g6 7.
Bg2 Bg7 8. O-O O-O 9. b3 Nc6 10. Nxc6 bxc6 11. Bb2 Bb7 12. Na4 e5 13. c4 c5 14. Re1 Qc7 15. Nc3 Nd7 16. Qd2 Rfd8 17. Rad1 Nf8 18. Bc1 Ne6 19. Ne2 Nd4 20. Nxd4 cxd4 21. Qd3 a5 22. a4 Qb6 23. Ba3 Rab8 24. Rb1 Ba8 25. h3 Bf8 26. Kh2 Qc7 27. Bc1 Be7 28.
Bd2 Rdc8 29. Rec1 Bd8 30. f4 Qe7 31. Rf1 f6 32. f5 g5 33. h4 h6 34. Qf3 Bc6 35.
Bh3 Be8 36. Kg2 Bf7 37. hxg5 hxg5 38. Bg4 Rb7 39. Rh1 Rcb8 40. Bh5 Kf8 41. Bg6 Bg8 42.
g4 Bb6 43. Rh3 Qd8 44. Rbh1 Bc5 45. Qd1 Bb4 46. Bc1 Bc3 47. Rh8 Rg7 48. Bh7 Qb6 49. Bxg8 Rxg8 50. Rxg8+ Kxg8 51. Qf3 Qxb3 52. Qh3 Qc2+ 53.
Kf3 Qd3+ 54. Kg2 Qxe4+ 55. Kf1 Qe1+ 56. Kg2 Qe2+ 57. Kg1 Qe1+ 58. Kg2 Qe4+ 59. Kg1 Qxh1+ 60. Kxh1 Rb1 61. Qh6 Rxc1+ 62. Kg2 e4 63. Qg6+ Kh8 64. Qxf6+ Kg8 65. Qxg5+ 1-0

[Event "*** Titled Tuesday 3|2 Blitz"]
[Site "Chess.com"]
[Date "2016.05.03"]
[Round "1"]
[White "SabinaFoisor"]
[Black "gmjoey1"]
[Result "1-0"]
[WhiteElo "2177"]
[BlackElo "2530"]
[TimeControl "180+2"]
[EndTime "17:09:15 PDT"]
[Termination "SabinaFoisor won by resignation"]

1. d4 Nf6 2. c4 e6 3. Nf3 c5 4.
d5 exd5 5. cxd5 a6 6. a4 Bd6 7.
Nc3 Qe7 8. Bg5 h6 9. Bxf6 Qxf6 10. Ne4 Qe7 11. Nxd6+ Qxd6 12. e3 Qf6 13. d6 Qxb2 14.
Bd3 Qc3+ 15. Ke2 Qb2+ 16. Qd2 Qf6 17. Bc4 Nc6 18. a5 Rb8 19. Rab1 O-O 20. Rhd1 Re8 21. Kf1 Qd8 22. Rb6 Qf6 23. Kg1 g6 24. h3 Kg7 25.
Kh2 Re4 26. Bxa6 bxa6 27. Rxb8 Nxb8 28. Qd5 Rb4 29. Qxc5 Nc6 30. Nd4 Qe5+ 31. Qxe5+ Nxe5 32. Rc1 Rc4 33. Rb1 Rc5 34. Rb8 Nc4 35. Nb3 Rc6 36.
Nd4 Rc5 37. Nb3 Rb5 38. Rxc8 Nxd6 39. Rc3 Ne4 40. Rd3 Nxf2 41. Rc3 Ne4 42. Rd3 Nf6 43. Kg3 h5 44. Kf3 h4 45. e4 Rg5 46. Kf4 Rxg2 47. e5 Nh5+ 48. Ke4 Rg3 49. Nc5 Rxd3 50. Kxd3 Nf4+ 51.
Ke3 Nxh3 52. Nxa6 Ng5 53. Nc5 h3 54. Kf2 Nf3 55. a6 Ne1 56. a7 h2 57. a8=Q Nc2 58.
Qh1 Nd4 59. Qxh2 Nf5 60. Qf4 Nd6 61. exd6 1-0

[Event "*** Titled Tuesday 3|2 Blitz"]
[Site "Chess.com"]
[Date "2016.05.03"]
[Round "1"]
[White "vinceyoung15"]
[Black "Boryboy"]
[Result "1-0"]
[WhiteElo "2218"]
[BlackElo "2535"]
[TimeControl "180+2"]
[EndTime "17:09:24 PDT"]
[Termination "vinceyoung15 won by resignation"]

1. e4 e6 2. d4 d5 3. e5 c5 4. c3 Nc6 5. Nf3 Qb6 6. a3 c4 7. Nbd2 Na5 8. g3 Bd7 9. h4 Ne7 10. Bh3 h6 11. O-O Qc7 12. Re1 Nc8 13. Nh2 Nb6 14.
f4 g6 15. Ng4 O-O-O 16. Nf6 Ba4 17. Qe2 Be7 18. Nf3 Kb8 19. g4 Rdf8 20. Rf1 Nd7 21. Nxd7+ Qxd7 22. f5 gxf5 23. gxf5 Rfg8+ 24. Kh1 a6 25.
Bf4 Ka7 26. fxe6 fxe6 27. Rg1 Rf8 28. Qe3 Bc2 29. Rg7 Be4 30. Kh2 Qb5 31. Rag1 Qxb2+ 32. R1g2 Qxa3 33. Bxe6 Nc6 34. Bd7 Nd8 35. Rf2 Rhg8 36. Rxg8 Rxg8 37. Bg3 Qa1 38. Qxh6 Qd1 39. Qf4 Rf8 40. Qd2 Bxf3 41. Qxd1 Bxd1 42. Rxf8 Bxf8 43.
e6 Be7 44. Kh3 Bh5 45. Be5 b5 46. Kg3 Kb6 47. Bf4 a5 48. Bg5 Bxg5 49. hxg5 b4 50. e7 Nb7 51. e8=Q Bxe8 52. Bxe8 bxc3 53. Ba4 Nd6 54. g6 Nf5+ 55. Kg4 Ng7 56. Kg5 Kc7 57. Kf6 Nh5+ 58. Kg5 Ng7 59. Kf6 Nh5+ 60. Kf7 Kd6 61. g7 Nxg7 62. Kxg7 Ke6 63. Kg6 Ke7 64. Kf5 Kd6 65.
Kf6 Kc7 66. Ke5 c2 67. Bxc2 Kc6 68. Ba4+ Kb6 69. Kxd5 c3 70. Kc4 1-0

[Event "*** Titled Tuesday 3|2 Blitz"]
[Site "Chess.com"]
[Date "2016.05.03"]
[Round "1"]
[White "Elshan1985"]
[Black "howitzer14"]
[Result "1/2-1/2"]
[WhiteElo "2566"]
[BlackElo "2227"]
[TimeControl "180+2"]
[EndTime "17:09:46 PDT"]
[Termination "Game drawn - insufficient material"]

1. d4 Nf6 2. Nf3 d5 3. c4 c6 4. Nc3 dxc4 5. a4 e6 6. g3 c5 7. Bg2 Nc6 8. Be3 Ng4 9. dxc5 Nxe3 10. Qxd8+ Kxd8 11. fxe3 Bxc5 12. Kf2 Ke7 13. Rac1 f5 14. Nb5 Bd7 15. Rxc4 Bb6 16. Rd1 Rhd8 17. Nfd4 Ne5 18. Rc3 Ba5 19. Rb3 a6 20. Nc3 Ng4+ 21. Kf3 Nxh2+ 22.
Kf2 Ng4+ 23. Kf3 Rab8 24. e4 Bxc3 25. Rxc3 Rdc8 26. exf5 Rxc3+ 27. bxc3 exf5 28. Kf4 Kf6 29. Nf3 Be6 30. Ng5 h6 31. Nxe6 Kxe6 32. Bd5+ Kf6 33. Bb3 g5+ 34. Kf3 Ne5+ 35. Ke3 Re8 36. Rd6+ Kg7 37.
Kd2 Re7 38. a5 Nc6 39. Rd5 Kf6 40. Rd6+ Kg7 41. Rd5 Re5 42. Rd7+ Kg6 43. Rxb7 Nxa5 44. Rb6+ Kg7 45. Ba2 Rb5 46. Rxb5 axb5 47. Kd3 Kf6 48. Kd4 h5 49. Bd5 h4 50. gxh4 gxh4 51. Kc5 Ke5 52. Bf3 Nb3+ 53. Kxb5 Nd2 54. Bh1 Kf4 55. c4 Ke3 56. c5 Nb3 57. c6 Nd4+ 58. Kc5 f4 59. Bf3 h3 60. c7 Ne6+ 61. Kd6 Nxc7 62. Kxc7 Kf2 63. Kd6 h2 64. Ke5 h1=B 65. Bxh1 Kxe2 66. Kxf4 1/2-1/2

[Event "*** Titled Tuesday 3|2 Blitz"]
[Site "Chess.com"]
[Date "2016.05.03"]
[Round "1"]
[White "KNVB"]
[Black "Newlight1"]
[Result "0-1"]
[WhiteElo "2561"]
[BlackElo "2232"]
[TimeControl "180+2"]
[EndTime "17:09:48 PDT"]
[Termination "Newlight1 won by checkmate"]

1. d4 Nf6 2. c4 c5 3. d5 e6 4. Nc3 exd5 5. cxd5 d6 6. e4 g6 7. h3 Bg7 8. Nf3 O-O 9. Bd3 b5 10. Nxb5 Re8 11. O-O Nxe4 12. Re1 f5 13. Bxe4 Rxe4 14. Rxe4 fxe4 15. Ng5 Qb6 16. Nc3 Na6 17. Ngxe4 Bf5 18.
Ng3 Rf8 19. Qe2 Nc7 20. Bg5 Be5 21. Rd1 Qb4 22. Qd2 Rf7 23. Be3 Qc4 24. Bh6 Qb4 25.
Nge2 Bd7 26. Qg5 Ne8 27. Rd2 a5 28. Qe3 Re7 29. Bg5 Bh2+ 30. Kxh2 Rxe3 31. Bxe3 Nf6 32. Bg5 Kg7 33. a3 Qc4 34. Ng3 a4 35. Re2 Nxd5 36. Nxd5 Qxd5 37. Re7+ Kf8 38. Bf6 Bc6 39. f3 h5 40. h4 Qd3 41. Rc7 Qa6 42. Be7+ Kg8 43. Bxd6 Bxf3 44. Be5 Qe6 45. Rxc5 Bb7 46. Bc3 Qb6 47.
Rg5 Kf7 48. Ne2 Qf2 49. Rg3 Qxe2 50. Bd4 Qc4 51. Bc3 Qxh4+ 52. Rh3 Qf4+ 53. Kg1 Qg5 54. Rh2 Qe3+ 55. Kf1 Ba6# 0-1

[Event "*** Titled Tuesday 3|2 Blitz"]
[Site "Chess.com"]
[Date "2016.05.03"]
[Round "1"]
[White "destroyer305"]
[Black "Dlugy"]
[Result "1/2-1/2"]
[WhiteElo "2255"]
[BlackElo "2584"]
[TimeControl "180+2"]
[EndTime "17:10:12 PDT"]
[Termination "Game drawn by agreement"]

1. e4 c5 2. d4 d6 3. dxc5 Nf6 4. Nc3 Qa5 5. cxd6 exd6 6. Bd3 Bg4 7. f3 Be6 8. Bd2 Nc6 9. Nd5 Qd8 10. Nxf6+ Qxf6 11. Bc3 Qg5 12. Qd2 Qxd2+ 13. Kxd2 O-O-O 14. Ne2 d5 15. exd5 Bxd5 16. Rad1 Nb4 17. Bxb4 Bxb4+ 18. c3 Be7 19. b3 Bg5+ 20. Kc2 Rhe8 21. Rhe1 g6 22. Nd4 Bf4 23. g3 Be3 24. Bb5 Re7 25. c4 a6 26. Ba4 b5 27. cxd5 Rxd5 28. Nxb5 Rxd1 29. Rxd1 axb5 30. Bxb5 Bb6 31. Bc4 f5 32. b4 Re3 33. Rd3 Re2+ 34. Rd2 Re3 35. f4 h5 36. a4 h4 37. gxh4 Bc7 38. Bf7 Re4 39. Kb3 Bxf4 40. Rc2+ Kb7 41. Bxg6 Bd6 42. Rc4 Re3+ 43. Rc3 Re4 44. Rc4 Re3+ 45. Kc2 f4 46. Bd3 f3 47.
Re4 Rxe4 48. Bxe4+ Kc7 49. Bxf3 Bxb4 50. Kd3 Kd6 51. Kc4 Be1 52. h5 Ke7 53. Kb5 Kf7 54. Be4 Kg7 55. Bg6 Kh6 56. Kc6 Bd2 57. Kd7 Kg7 58. Ke6 Bc3 59. h3 Bd2 60. Kf5 Bc3 61. Be8 Kh8 62. h6 Bd2 63. Kg6 Ba5 64. Bf7 Bb4 65.
Bc4 Ba5 66. Kf7 Bd2 67. Bd3 Bxh6 68. a5 Be3 69. a6 Bf2 70. h4 Be3 1/2-1/2

[Event "*** Titled Tuesday 3|2 Blitz"]
[Site "Chess.com"]
[Date "2016.05.03"]
[Round "1"]
[White "rookoco"]
[Black "FLchessplayer"]
[Result "0-1"]
[WhiteElo "2408"]
[BlackElo "2072"]
[TimeControl "180+2"]
[EndTime "17:10:18 PDT"]
[Termination "FLchessplayer won on time"]

1. e4 c5 2. Nf3 d6 3. d4 cxd4 4. Nxd4 Nf6 5. Nc3 g6 6. Be3 Bg7 7. Be2 O-O 8. Qd2 Nc6 9. Nb3 Be6 10. f4 Na5 11. Nxa5 Qxa5 12. Bf3 Rfc8 13. Bd4 Rc7 14. O-O Rac8 15. Rfd1 b6 16. a3 h5 17. h3 Nd7 18.
Bxg7 Kxg7 19. Kh1 Nf6 20. Qf2 Qc5 21. Qg3 b5 22. Rd3 a5 23. Rd2 b4 24. axb4 axb4 25. Ne2 Qe3 26. Rd3 Qb6 27. Nd4 Bd7 28. e5 dxe5 29. fxe5 Ng8 30. Bxh5 Rc4 31. Rad1 Rxd4 32.
Rxd4 Be6 33. R4d2 Nh6 34. Bf3 Nf5 35. Qf4 Rc4 36. Qg5 Qc7 37. g4 Nh6 38. Qe3 Rxc2 39. Rxc2 Qxc2 40. Rd2 Qc1+ 41. Kg2 Qc7 42.
Qd4 Qa5 43. h4 Qa4 44. h5 gxh5 45. gxh5 Qb3 46. Qf4 Nf5 47. Qg5+ Kh7 48. Be4 Qc4 49. Bxf5+ Bxf5 50. Qxf5+ Kh6 51. Rf2 Qd5+ 52. Qf3 Qxe5 53. Qf4+ Qxf4 54. Rxf4 f6 0-1